 Dungeon Crawl Stone Soup version 0.14.0-12-g87ee3b7 (webtiles) character file.

703 HungrySpirit the Ruffian (level 6, -5/44 HPs)
             Began as a Demonspawn Gladiator on Apr 17, 2014.
             Was an Initiate of Dithmenos.
             Slain by Menkaure (12 damage)
             ... on Level 5 of the Dungeon.
             The game lasted 00:14:20 (6749 turns).

HungrySpirit the Ruffian (Demonspawn Gladiator)     Turns: 6749, Time: 00:14:21

HP  -5/44        AC  5     Str 16      XL: 6   Next: 96%
MP   0/6         EV 12     Int 10      God: Dithmenos [......]
Gold 199         SH  0     Dex 14      Spells:  1 memorised,  3 levels left

rFire  . . .     SeeInvis .       - Unarmed
rCold  + . .     Clarity  .     b - +0 leather armour
rNeg   . . .     Conserve .     (no shield)
rPois  .         rCorr    .     c - +0 helmet
rElec  .         rRot     .     (no cloak)
SustAb . .       Spirit   +     k - +0 pair of gloves
rMut   .         Warding  .     (no boots)
Saprov . . .     Stasis   .     (no amulet)
MR     .....                    (no ring)
                                h - ring of protection from cold

@: not resistant to hostile enchantments, fairly stealthy
A: talons 2, magic shield
a: Renounce Religion


You were on level 5 of the Dungeon.
You worshipped Dithmenos.
Dithmenos was noncommittal.
You were near starving.

You visited 2 branches of the dungeon, and saw 6 of its levels.

You collected 199 gold pieces.

Inventory:

Hand weapons
 a - a +0,+0 quarterstaff
Missiles
 d - 3 throwing nets (quivered)
Armour
 b - a +0 leather armour (worn)
 c - a +0 helmet (worn)
 k - a +0 pair of gloves (worn)
Comestibles
 f - 4 bread rations
Scrolls
 e - a scroll of remove curse {unknown}
 i - a scroll of blinking
 j - a scroll of fog
 l - 2 scrolls of identify
 m - 2 scrolls of teleportation {unknown}
 o - 3 scrolls of magic mapping
 t - a scroll of random uselessness {unknown}
 v - a scroll of enchant weapon II {unknown}
 w - a scroll of enchant armour {unknown}
 y - a scroll of enchant weapon I {unknown}
Jewellery
 h - a ring of protection from cold (left hand)
Potions
 g - a potion of magic


   Skills:
 - Level 2.0 Fighting
 - Level 3.3 Staves
 - Level 1.7 Throwing
 + Level 3.3 Dodging
 - Level 3.3 Stealth
 * Level 4.9 Unarmed Combat


You had 3 spell levels left.
You knew the following spells:

 Your Spells              Type           Power        Failure   Level  Hunger
a - Blink                 Tloc           N/A          61%         2    ###....


Dungeon Overview and Level Annotations

Branches:
Dungeon (5/15)             Temple (1/1) D:4

Altars:
Cheibriados
Dithmenos
Elyvilon
Fedhas
Makhleb
Nemelex Xobeh
Okawaru
Sif Muna
Vehumet
Xom
Yredelemnul
Zin

Annotations:
D:5 Armakuni's ghost, experienced HEFi; Menkaure


Innate Abilities, Weirdness & Mutations

You have razor-sharp toenails.
When hurt, damage is shared between your health and your magic reserves.


Message History

Menkaure calls on the powers of darkness!
Your body is wracked with pain!
Menkaure calls on the powers of darkness!
Your body is wracked with pain!
* * * LOW HITPOINT WARNING * * *
Menkaure calls on the powers of darkness!
Your body is wracked with pain!
* * * LOW HITPOINT WARNING * * *
Menkaure calls on the powers of darkness!
Your body is wracked with pain!
* * * LOW HITPOINT WARNING * * *
Menkaure calls on the powers of darkness!
Your body is wracked with pain!
* * * LOW HITPOINT WARNING * * *
Menkaure is no longer moving quickly.
Menkaure mumbles some strange words.
Menkaure seems to speed up.
Menkaure breathes soot at you. Menkaure hits you!
You die...

##.#............#.
#...............#. #.#
##.#............#. #.#
##.#....####.#.##> #.#
#..............[.. #.#
#................. #.#
#................<
#######.########..............>..
......#..)....##@................
...............M.............[...
......#.....####....#############
.........#### #....# ..(......#
#....# .........# #...##
########## #...# #####


You could see Menkaure.

Vanquished Creatures
  Sigmund (D:3)
  Duvessa (D:5)
  Dowan (D:5)
  An orc priest (D:4)
  An iguana (D:4)
  An orc wizard (D:4)
  A worker ant (D:5)
  Ijyb (D:3)
  6 adders
  4 gnolls (D:3)
  A worm (D:3)
  3 giant geckos
  6 orcs
  11 bats
  4 giant cockroaches
  14 goblins
  12 hobgoblins
  3 jackals (D:3)
  12 kobolds
  3 quokkas (D:3)
  A ball python (D:4)
  5 giant newts
  9 rats
  A rat skeleton (D:4)
103 creatures vanquished.

Notes
Turn   | Place    | Note
--------------------------------------------------------------
     0 | D:1      | HungrySpirit, the Demonspawn Gladiator, began the quest for the Orb.
     0 | D:1      | Reached XP level 1. HP: 16/16 MP: 1/1
   172 | D:1      | Reached skill level 3 in Staves
   187 | D:1      | Gained mutation: You have sharp toenails. [demonic ancestry]
   187 | D:1      | Reached XP level 2. HP: 17/22 MP: 2/2
   305 | D:1      | Reached skill level 1 in Stealth
   943 | D:1      | Gained mutation: You have razor-sharp toenails. [demonic ancestry]
   943 | D:1      | Reached XP level 3. HP: 27/27 MP: 3/3
  1194 | D:2      | Reached skill level 1 in Unarmed Combat
  2124 | D:3      | Gained mutation: When hurt, damage is shared between your health and your magic reserves. [demonic ancestry]
  2124 | D:3      | Reached XP level 4. HP: 18/33 MP: 4/4
  2529 | D:3      | Noticed Ijyb
  2541 | D:3      | HP: 1/33 [poisoned by Ijyb]
  2546 | D:3      | Killed Ijyb
  3489 | D:3      | Noticed Sigmund
  3726 | D:3      | Killed Sigmund
  3726 | D:3      | Reached XP level 5. HP: 38/38 MP: 5/5
  4384 | D:3      | Reached XP level 6. HP: 44/44 MP: 6/6
  4394 | D:4      | Found a staircase to the Ecumenical Temple.
  4417 | Temple   | Entered the Ecumenical Temple
  4458 | Temple   | Became a worshipper of Dithmenos the Shadowed
  4493 | D:4      | Learned a level 2 spell: Blink
  4875 | D:4      | Reached skill level 4 in Unarmed Combat
  5218 | D:5      | Entered Level 5 of the Dungeon
  5218 | D:5      | Noticed Duvessa
  5218 | D:5      | Noticed Dowan
  5527 | D:5      | Noticed Armakuni's ghost (experienced HEFi)
  6089 | D:5      | Killed Duvessa
  6330 | D:5      | Killed Dowan
  6709 | D:5      | Noticed Menkaure
  6749 | D:5      | Slain by Menkaure

Action                   |  1- 3 |  4- 6 || total
-------------------------+-------+-------++-------
Melee: Quarterstaff      |    36 |       ||    36
       Unarmed           |   103 |   270 ||   373
  Use: Scroll            |       |     6 ||     6
       Potion            |       |     9 ||     9
 Stab: Sleeping          |     1 |       ||     1
